 Dungeon Crawl Stone Soup version 0.29.0-13-gc9e81de378 (webtiles) character file.

Game seed: 2202224555760996030

43 enile the Cutter (level 3, -3/31 HPs)
             Began as a Gnoll Wanderer on Sept 9, 2022.
             Was a Follower of Nemelex Xobeh.
             Slain by a gnoll
             ... wielding a +0 whip
              (6 damage)
             ... on level 2 of the Dungeon.
             The game lasted 00:01:05 (1515 turns).

enile the Cutter (Gnoll Wanderer)                   Turns: 1515, Time: 00:01:05

Health: -3/31      AC:  5    Str: 10    XL:     3   Next: 58%
Magic:  4/4        EV: 13    Int:  9    God:    Nemelex Xobeh [*.....]
Gold:   131        SH:  5    Dex: 16    Spells: 3/3 levels left

rFire   . . .      SeeInvis .   o - +2 dagger (venom)
rCold   . . .      Faith    .   c - +0 buckler
rNeg    . . .      Spirit   .   b - +2 leather armour
rPois   .          Reflect  .   (no helmet)
rElec   .          Harm     .   (no cloak)
rCorr   .          Rampage  .   (no gloves)
Will    .....                   (no boots)
Stlth   ++........              (no amulet)
HPRegen 0.10/turn               (no ring)
MPRegen 0.09/turn               (no ring)

@: no status effects
A: fangs 1, strong nose, distributed training
a: Renounce Religion, Draw Escape, Draw Destruction, Draw Summoning


You were on level 2 of the Dungeon.
You worshipped Nemelex Xobeh.
Nemelex Xobeh was aware of your devotion.
You visited 1 branch of the dungeon, and saw 2 of its levels.

You collected 131 gold pieces.

Inventory:

Hand Weapons
 a - a +0 short sword
 o - a +2 dagger of venom (weapon)
Armour
 b - a +2 leather armour (worn)
 c - a +0 buckler (worn)
Jewellery
 q - a ring of positive energy
Wands
 p - a wand of charming (3)
Scrolls
 d - a scroll of silence
 e - a scroll of magic mapping {unknown}
 f - 2 scrolls of fear {unknown}
 g - 2 scrolls of blinking {unknown}
 h - a scroll of teleportation {unknown}
 j - a scroll of identify {unknown}
 k - a scroll of summoning {unknown}
 l - 2 scrolls of brand weapon {unknown}
 r - a scroll of enchant armour {unknown}
Potions
 i - a potion of degeneration {unknown}
 m - 2 potions of lignification {unknown}
 n - a potion of brilliance {unknown}


   Skills:
 + Level 4.5 Fighting
 + Level 6.5 Short Blades
 + Level 0.9 Long Blades
 + Level 0.9 Axes
 + Level 0.9 Maces & Flails
 + Level 0.9 Polearms
 + Level 0.9 Staves
 + Level 0.9 Ranged Weapons
 + Level 0.9 Throwing
 + Level 0.9 Armour
 + Level 4.5 Dodging
 + Level 0.9 Stealth
 + Level 4.5 Shields
 + Level 0.9 Unarmed Combat
 + Level 0.9 Spellcasting
 + Level 0.6 Conjurations
 + Level 0.6 Hexes
 + Level 0.6 Summonings
 + Level 0.6 Necromancy
 + Level 0.6 Translocations
 + Level 0.6 Transmutations
 + Level 0.6 Fire Magic
 + Level 0.6 Ice Magic
 + Level 0.6 Air Magic
 + Level 0.6 Earth Magic
 + Level 0.6 Poison Magic
 + Level 1.0 Invocations
 + Level 2.6 Evocations


You had 3 spell levels left.
You didn't know any spells.
Your spell library was empty.

Dungeon Overview and Level Annotations

Branches:
Dungeon (2/15)

Altars:
Nemelex Xobeh
Qazlal


Innate Abilities, Weirdness & Mutations

You have very sharp teeth.
Your uncanny sense of smell can sniff out nearby items.
Your experience applies equally to all skills.


Message History

The worm is moderately wounded.
The worm barely misses you.
You hit the worm.
The worm is poisoned.
The worm is moderately wounded.
You hit the worm.
The worm is heavily wounded.
You completely miss the worm.
The worm is heavily wounded.
You block the worm's attack.
You hit the worm but do no damage.
The worm is heavily wounded.
You hit the worm.
The worm looks as sick as possible!
The worm is severely wounded.
The worm bites you!
You hit the worm.
The worm is almost dead.
You hit the worm.
You kill the worm!
The bat barely misses you.
You hit the bat.
The bat is poisoned.
The bat is moderately wounded.
The bat closely misses you. x2
You hit the gnoll but do no damage.
A gnoll is nearby!
A gnoll is nearby!
You closely miss the gnoll. The gnoll hits you with a +0 whip.
You hit the gnoll but do no damage. The gnoll hits you with a +0 whip.
You hit the gnoll.
The gnoll is lightly wounded.
You kill the bat!
The gnoll hits you with a +0 whip!
* * * LOW HITPOINT WARNING * * *
Okay, then.
Okay, then.
Aiming: Charm
Press: ? - help, Shift-Dir - straight line, f - gnoll
Aim: a gnoll, wielding a +0 whip (lightly wounded, chance to affect: 64%)
The gnoll struggles to resist.
The gnoll hits you with a +0 whip.
You die...
Your body disappears without a glow.

#..# #. #..# ( ##.
#..# .. ...## #..#
#.## ..####..#
...##....##.#
#..#..#.##.##
∆#.g.##...#.##
#@.#..###.## #.)..##
##.# #..?.<.###..##
#
.....##....#..#.##.#
#.... .......###...#
##.####.##.#..#.####
#.####....#....# #
....#######.# #####
########.....#....#


You could see a gnoll.

Vanquished Creatures
  An adder (D:2)
  A worm (D:2)
  2 dart slugs (D:1)
  A giant cockroach (D:2)
  3 hobgoblins
  2 quokkas
  A ball python (D:1)
  3 bats
  A frilled lizard (D:2)
  2 goblins (D:2)
  4 kobolds
  9 rats
30 creatures vanquished.

Notes
Turn   | Place    | Note
-------+----------+-------------------------------------------
     0 | D:1      | enile the Gnoll Wanderer began the quest for the Orb.
     0 | D:1      | enile set off with the following items: a +0 short sword, a
                  | +2 leather armour, a +0 buckler, a scroll of silence.
     0 | D:1      | Reached XP level 1. HP: 20/20 MP: 1/1
   212 | D:1      | Reached XP level 2. HP: 26/26 MP: 2/2
   861 | D:2      | Found a faded altar of an unknown god.
   870 | D:2      | Prayed at the altar of an unknown god.
   870 | D:2      | Became a worshipper of Nemelex Xobeh the Trickster
   870 | D:2      | Reached * piety under Nemelex Xobeh
  1239 | D:2      | Reached XP level 3. HP: 31/31 MP: 2/4
  1271 | D:2      | Found a stormy altar of Qazlal.
  1297 | D:2      | Reached skill level 1 in Invocations
  1515 | D:2      | Slain by a gnoll

Illustrated notes

Levels and vault maps discovered:
D:1:      minmay_arrival_hallway, layout_basic, fountainhead
D:2:      layout_loops_ring, dreamdust_ecumenical_altar_statues, basic_altar,
          minmay_box_of_dots

Skill      XL: |  1  2  3 |
---------------+----------+-----
Invocations    | 1 |  1.0
Fighting       | |  4.5
Short Blades   | |  6.5
Long Blades    | |  0.9
Axes           | |  0.9
Maces & Flails | |  0.9
Polearms       | |  0.9
Staves         | |  0.9
Ranged Weapons | |  0.9
Throwing       | |  0.9
Armour         | |  0.9
Dodging        | |  4.5
Stealth        | |  0.9
Shields        | |  4.5
Unarmed Combat | |  0.9
Spellcasting   | |  0.9
Conjurations   | |  0.6
Hexes          | |  0.6
Summonings     | |  0.6
Necromancy     | |  0.6
Translocations | |  0.6
Transmutations | |  0.6
Fire Magic     | |  0.6
Ice Magic      | |  0.6
Air Magic      | |  0.6
Earth Magic    | |  0.6
Poison Magic   | |  0.6
Evocations     | |  2.6

Action                   || total
-------------------------++-------
Melee: Short sword       ||    77
       Bite              ||    11
       Dagger            ||    54
Evoke: Wand              ||     1
Armor: Leather armour    ||    24
Dodge: Dodged            ||    57
Block: Buckler           ||    22
